Map: Triton LE

Players

BackupJ

  • Race: Protoss Protoss
  • Spawn Location: 11:00

souL - Winner!

  • Race: Terran Terran
  • Spawn Location: 5:00

VOD

Have the link to the VOD?

Description

Time

  • Played on: Sept. 6, 2019, 1:27 p.m.
  • Length: 16:52
Show
View Real Time Build Order
Export as new Build Order

BackupJ Protoss 

Build Orders: 1 Gate Expand, Blink Stalkers 

Get SALT Encoding   

  12  0:00  Probe  
  13  0:12  Probe  
  14  0:17  Pylon  
  14  0:22  Probe  
  15  0:31  Probe  
  16  0:39  Gateway, Probe  
  16  0:45  Assimilator  
  17  0:51  Probe  
  18  1:03  Probe  
  19  1:15  Probe  
  20  1:26  Cybernetics Core  
  20  1:35  Nexus  
  20  1:38  Pylon  
  20  1:41  Probe  
  21  1:48  Assimilator  
  21  1:52  Adept  
  21  1:53  Probe  
  22  2:02  Warp Gate  
  22  2:05  Probe  
  25  2:12  Adept  
  25  2:17  Probe  
  29  2:30  Probe  
  29  2:32  Twilight Council  
  29  2:41  Adept  
  29  2:42  Probe  
  30  2:46  Probe  
  33  2:54  Probe  
  34  2:59  Blink, Probe  
  35  3:06  Probe, Stalker  
  35  3:11  Probe  
  39  3:18  Probe  
  40  3:23  Probe  
  41  3:30  Probe  
  41  3:31  Robotics Facility  
  42  3:35  Gateway, Probe  
  42  3:40  Gateway  
  43  3:43  Probe  
  43  3:47  Probe  
  45  3:55  Probe, Stalker  
  42  3:56  Pylon  
  42  3:59  Probe  
  43  4:05  Assimilator  
  43  4:07  Probe  
  44  4:10  Pylon  
  44  4:11  Observer  
  44  4:13  Probe  
  45  4:19  Probe, Stalker  
  49  4:27  Probe  
  50  4:32  Probe, Stalker  
  50  4:33  Observer  
  50  4:34  Stalker  
  55  4:39  Probe  
  55  4:42  Stalker  
  53  4:47  Nexus  
  53  4:50  Probe  
  53  4:51  Probe  
  50  4:57  Charge  
  50  4:58  Observer  
  51  5:03  Probe x2  
  53  5:15  Probe  
  53  5:16  Probe  
  55  5:27  Probe  
  55  5:28  Probe, Stalker x2  
  61  5:39  Probe  
  62  5:44  Pylon  
  62  5:50  Probe  
  62  5:51  Probe  
  61  5:58  Observer, Warp Prism  
  61  6:02  Probe, Stalker x3  
  61  6:03  Probe  
  67  6:06  Probe  
  68  6:13  Gateway  
  68  6:14  Probe  
  68  6:15  Gateway, Probe  
  68  6:16  Gateway  
  70  6:19  Probe  
  70  6:21  Forge  
  70  6:23  Forge  
  71  6:26  Observer, Probe  
  71  6:27  Probe  
  71  6:30  Sentry x2  
  71  6:31  Observer, Probe  
  78  6:35  Observer  
  78  6:38  Probe  
  78  6:39  Probe  
  81  6:40  Protoss Ground Armor Level 1, Protoss Ground Weapons Level 1  
  81  6:43  Observer, Probe  
  82  6:50  Probe  
  82  6:51  Pylon, Probe  
  84  6:54  Pylon  
  84  6:55  Probe  
  85  7:02  Observer  
  85  7:07  Probe x2  
  85  7:09  Probe  
  85  7:13  Pylon  
  85  7:15  Sentry  
  88  7:17  Immortal, Gateway x2  
  88  7:19  Zealot x3  
  88  7:20  Zealot  
  100  7:26  Probe  
  101  7:31  Probe  
  101  7:35  Pylon, Zealot  
  101  7:37  Pylon  
  104  7:44  Assimilator  
  104  7:46  Assimilator  
  104  7:47  Zealot x2  
  104  7:51  Immortal, Pylon  
  108  7:53  Pylon  
  108  7:56  Assimilator  
  108  7:59  Robotics Bay  
  108  8:02  Robotics Facility  
  112  8:11  Pylon  
  110  8:20  Zealot x5  
  120  8:35  Photon Cannon  
  119  8:49  Zealot x7  
  119  8:51  Probe  
  120  8:59  Probe  
  113  9:04  Zealot  
  113  9:05  Probe  
  113  9:07  Probe  
  113  9:09  Zealot x2  
  116  9:10  Zealot  
  116  9:11  Colossus x2  
  116  9:13  Probe  
  116  9:15  Stalker x3  
  117  9:17  Probe  
  117  9:19  Probe  
  117  9:23  Nexus  
  129  9:25  Pylon, Probe  
  129  9:29  Probe  
  131  9:33  Probe  
  131  9:34  Zealot x3  
  132  9:41  Zealot x2  
  129  9:50  Zealot  
  129  9:51  Zealot  
  125  9:57  Zealot x2  
  125  9:59  Extended Thermal Lance  
  125  10:03  Probe x2  
  125  10:11  Probe  
  125  10:14  Pylon  
  120  10:15  Probe x2  
  119  10:23  Pylon  
  119  10:24  Pylon  
  109  10:36  Zealot x3  
  104  10:44  Zealot  
  84  10:58  Zealot x3  
  84  10:59  Colossus, Probe  
  84  11:02  Probe  
  80  11:07  Probe  
  81  11:13  Colossus  
  77  11:21  Stalker x3  
  89  11:37  Observer, Pylon  
  89  11:42  Pylon  
  89  11:44  Sentry x3  
  89  11:48  Protoss Ground Weapons Level 2  
  89  11:53  Disruptor, Nexus  
  92  12:05  Stalker  
  94  12:12  Sentry  
  94  12:13  Stalker x2  
  94  12:14  Probe x2  
  102  12:27  Stalker x3  
  100  12:41  Zealot x3  
  104  12:48  Probe  
  105  12:55  Probe  
  102  13:00  Probe  
  102  13:05  Templar Archives  
  102  13:07  Zealot  
  102  13:08  Probe  
  102  13:12  Probe  
  101  13:13  Probe  
  101  13:15  Observer  
  97  13:20  Probe  
  97  13:24  Probe  
  97  13:25  Probe  
  97  13:26  Assimilator  
  100  13:34  Probe  
  100  13:38  Probe x2  
  103  13:43  Warp Prism  
  103  13:45  High Templar x4  
  103  13:46  Probe  
  110  13:50  Probe x2  
  110  13:51  Archon  
  110  13:52  Archon  
  114  14:00  High Templar x2  
  114  14:01  Probe  
  119  14:03  Probe  
  119  14:04  Archon  
  120  14:20  High Templar x2  
  120  14:21  Zealot x3  
  130  14:25  Archon  
  130  14:26  Stalker  
  130  14:30  Pylon  
  132  14:32  Pylon  
  132  14:52  High Templar x2  
  134  14:54  Zealot x2  
  134  14:55  Zealot x3  
  134  14:56  Archon  
  134  14:59  Pylon  
  138  15:50  Nexus  
Show
View Real Time Build Order
Export as new Build Order

souL Terran - Winner!

Build Orders: Gas First Reaper Expand 

Get SALT Encoding   

  12  0:00  SCV  
  13  0:13  SCV  
  14  0:17  Supply Depot  
  14  0:25  SCV  
  15  0:30  Refinery  
  15  0:38  SCV  
  16  0:44  Barracks  
  16  0:50  SCV  
  17  1:02  SCV  
  18  1:15  SCV  
  19  1:31  Orbital Command, Reaper  
  20  1:46  Command Center  
  20  1:55  Factory  
  20  1:57  SCV  
  21  2:08  Supply Depot, Barracks Reactor  
  21  2:12  SCV  
  22  2:15  Refinery  
  22  2:24  SCV  
  23  2:36  SCV  
  24  2:43  Starport  
  24  2:45  Marine x2  
  24  2:48  SCV  
  29  2:55  Hellion  
  28  3:00  Supply Depot, SCV  
  28  3:03  Marine  
  28  3:04  Marine  
  31  3:13  SCV  
  31  3:22  Widow Mine  
  31  3:23  Medivac  
  31  3:25  SCV  
  36  3:27  Marine x2  
  38  3:37  Orbital Command  
  38  3:38  SCV  
  39  3:43  Widow Mine  
  39  3:47  Marine  
  42  3:50  SCV  
  41  3:57  Starport Tech Lab  
  41  4:00  Marine  
  43  4:02  Supply Depot, SCV  
  43  4:03  SCV  
  44  4:11  Bunker  
  44  4:14  SCV  
  44  4:15  Raven  
  44  4:16  Factory Tech Lab  
  47  4:22  SCV  
  48  4:27  SCV  
  48  4:28  Marine  
  50  4:31  Supply Depot  
  50  4:34  SCV  
  50  4:37  Siege Tank  
  54  4:39  SCV  
  53  4:46  SCV  
  53  4:50  Command Center  
  53  4:51  SCV  
  55  4:58  Supply Depot  
  56  5:03  SCV  
  56  5:06  Starport Reactor  
  56  5:07  Barracks  
  57  5:09  Siege Tank  
  57  5:11  Barracks  
  60  5:18  SCV  
  58  5:22  Marauder  
  58  5:25  SCV, Engineering Bay  
  60  5:30  SCV, Engineering Bay  
  60  5:37  SCV  
  60  5:41  Siege Tank  
  60  5:42  SCV  
  58  5:50  SCV  
  56  5:57  SCV  
  56  6:01  Barracks Tech Lab  
  56  6:02  SCV  
  56  6:03  Barracks Tech Lab, Marine x2  
  55  6:07  Terran Infantry Weapons Level 1  
  55  6:10  SCV  
  56  6:11  Supply Depot, Refinery x2  
  56  6:14  Terran Infantry Armor Level 1, SCV  
  57  6:20  Supply Depot  
  57  6:21  Marine x2  
  57  6:22  SCV  
  60  6:26  SCV  
  60  6:32  Barracks x2  
  61  6:33  Stimpack  
  61  6:34  SCV  
  61  6:39  Marine x2  
  64  6:41  SCV  
  64  6:46  SCV  
  65  6:48  Starport Reactor  
  65  6:52  Marine x2  
  65  6:53  Combat Shield  
  65  6:54  Factory Reactor  
  67  6:55  Supply Depot  
  67  6:56  Marine  
  67  6:59  Marine  
  69  7:02  Supply Depot, Orbital Command  
  68  7:10  Marauder  
  68  7:11  Marauder, Factory Reactor  
  68  7:13  SCV  
  68  7:14  SCV, Marine  
  74  7:21  Barracks Tech Lab, Barracks Reactor  
  74  7:25  SCV  
  74  7:26  SCV  
  74  7:28  Medivac  
  78  7:31  Supply Depot  
  78  7:32  Marauder  
  78  7:36  Supply Depot, Marine  
  81  7:37  SCV  
  81  7:38  SCV  
  81  7:40  Medivac  
  85  7:45  Marauder  
  85  7:49  Marauder, SCV  
  90  7:52  Widow Mine  
  90  7:53  Marauder  
  90  7:55  Orbital Command  
  90  7:58  SCV  
  94  8:00  Supply Depot, Marine x2  
  94  8:02  Marine  
  94  8:03  Supply Depot  
  94  8:05  SCV  
  98  8:06  Marauder  
  98  8:10  Marauder, Medivac, SCV  
  105  8:13  Concussive Shells  
  105  8:17  Widow Mine  
  105  8:18  Widow Mine, Marine  
  105  8:19  SCV  
  113  8:21  SCV  
  113  8:22  Marine x2  
  113  8:24  Viking  
  113  8:25  SCV  
  117  8:31  Marine  
  117  8:32  Marauder  
  120  8:35  SCV  
  120  8:40  Medivac, Marine  
  120  8:41  Marauder  
  126  8:42  SCV x2  
  126  8:44  Marauder, Marine  
  131  8:54  Marine  
  131  8:55  Marauder, Marine  
  119  8:58  Marine  
  119  9:02  Marauder, Medivac, Marine  
  111  9:05  Marauder  
  112  9:12  Marine  
  112  9:13  Marine  
  112  9:14  Medivac  
  112  9:16  Widow Mine, Marauder, Marine  
  118  9:20  Marine  
  118  9:23  Marine  
  120  9:26  Marine  
  120  9:30  Marine  
  120  9:31  Marine  
  122  9:35  Marine  
  122  9:38  Marauder  
  126  9:50  Marauder  
  126  9:51  Marine  
  126  9:55  Medivac  
  126  10:00  Marauder, Marine  
  126  10:01  Marine  
  126  10:05  Supply Depot x2  
  126  10:07  Liberator  
  126  10:09  Liberator  
  126  10:15  Marine  
  124  10:26  Marine  
  124  10:27  Marauder  
  132  10:33  Marine  
  132  10:34  Marauder  
  130  10:40  Marine  
  130  10:41  Marauder  
  130  10:42  Marine  
  133  10:44  Marine  
  133  10:48  Marauder  
  136  10:51  Marine  
  136  10:55  Marauder  
  118  10:58  Marine  
  118  11:00  Marine  
  118  11:02  Marauder  
  113  11:04  Marine  
  113  11:09  Marauder, Marine  
  111  11:16  Marine  
  111  11:17  Marauder  
  113  11:18  Marine  
  113  11:19  Orbital Command  
  113  11:22  Marine  
  113  11:23  Marauder  
  117  11:27  Marine  
  117  11:31  Marauder  
  117  11:35  Marine  
  117  11:38  Marauder  
  118  11:43  Medivac  
  118  11:44  Marine  
  118  11:45  Marauder  
  123  11:49  Medivac  
  123  11:50  Marine  
  123  11:53  Marauder  
  128  12:04  Marine  
  131  12:13  Viking  
  133  12:19  Viking  
  133  12:21  Refinery x2  
  133  12:24  Marine  
  133  12:26  Marine  
  135  12:31  Marauder  
  135  12:33  Supply Depot x2  
  135  12:37  Marine  
  137  12:42  Viking  
  136  12:45  Marine  
  132  12:59  Viking  
  121  13:12  Viking  
  123  13:21  Ghost Academy  
  123  13:23  Marauder, Marine  
  126  13:30  Marauder, Marine x2  
  126  13:31  Marauder  
  134  13:35  Liberator x2  
  134  13:43  Marine  
  134  13:44  Marine  
  134  13:45  Marauder  
  134  13:48  Command Center  
  140  13:54  Ghost  
  144  13:57  Ghost  
  145  14:03  Sensor Tower  
  145  14:05  Ghost, SCV  
  145  14:07  SCV  
  149  14:13  Marine  
  149  14:14  Missile Turret  
  150  14:27  SCV x2  
  152  14:31  Marine  
  152  14:35  Armory  
  152  14:39  SCV x2  
  154  14:50  Ghost  
  154  14:51  SCV x2  
  158  14:59  Ghost  
  160  15:00  Supply Depot x2  
  160  15:03  SCV  
  160  15:07  Marauder  
  159  15:08  Marine  
  159  15:10  Marine  
  152  15:22  Marauder, Marine  
  152  15:27  Marine  
  134  15:28  Planetary Fortress  
  134  15:34  Marauder  
  134  15:41  Marauder, Marine  
  130  15:43  Marine  
  130  15:46  Marine  
  132  15:52  SCV  
  132  15:56  Marine  
  132  15:58  Marine  
  132  16:01  Marine  
  115  16:04  SCV  
  115  16:07  Marauder  
  115  16:09  Marine  
  117  16:12  Medivac  
  119  16:19  Medivac  
  119  16:20  Marine  
  122  16:27  SCV  
  122  16:29  SCV  
  124  16:39  SCV  
Tags
 
Add a new tag
Caveats
  • Supply blocks, unpowered buildings, or Contaminate may cause inaccurate times.
  • Supply counts are checked every 10 seconds.